 Dungeon Crawl Stone Soup version 0.29-a0-817-g9904bce7a6 (webtiles) character file.

Game seed: 10530977752173745694

209 indigestion the Trooper (level 5, -4/45 HPs)
             Began as a Demigod Fighter on July 5, 2022.
             Killed from afar by Ijyb (27 damage)
             ... with a bolt of acid
             ... on level 4 of the Dungeon.
             The game lasted 00:04:08 (3083 turns).

indigestion the Trooper (Demigod Fighter)           Turns: 3083, Time: 00:04:08

Health: -4/45      AC:  4    Str: 17    XL:     5   Next: 30%
Magic:  7/7        EV:  9    Int: 10    God:
Gold:   152        SH:  5    Dex: 17    Spells: 4/4 levels left

rFire   + . .      SeeInvis .   e - +2 whip (elec)
rCold   + . .      Faith    .   c - +0 buckler
rNeg    . . .      Spirit   .   b - +0 scale mail
rPois   .          Reflect  .   q - +0 helmet
rElec   .          Harm     .   f - scarf {rC+ rF+}
rCorr   .          Rampage  .   (no gloves)
Will    .....                   (no boots)
Stlth   ..........              (no amulet)
HPRegen 0.15/turn               (no ring)
MPRegen 0.10/turn               (no ring)

@: corroded
A: high MP 1, forlorn, divine attributes
a: no special abilities


You were on level 4 of the Dungeon.
You visited 1 branch of the dungeon, and saw 4 of its levels.

You collected 152 gold pieces.

Inventory:

Hand Weapons
 a - a +0 war axe
 e - a +2 whip of electrocution (weapon)
Armour
 b - a +0 scale mail (worn)
 c - a +0 buckler (worn)
 f - a scarf of resistance (worn)
 q - a +0 helmet (worn)
Jewellery
 v - an amulet of regeneration
Wands
 p - a wand of charming (11)
Scrolls
 g - 2 scrolls of identify {unknown}
 h - a scroll of amnesia {unknown}
 l - a scroll of immolation {unknown}
 m - a scroll of magic mapping {unknown}
 n - a scroll of teleportation {unknown}
 o - a scroll of noise {unknown}
 r - a scroll of blinking {unknown}
 u - a scroll of vulnerability {unknown}
Potions
 d - a potion of might
 i - 3 potions of curing {unknown}
 j - a potion of mutation {unknown}
 k - 2 potions of resistance {unknown}
 s - a potion of brilliance {unknown}
 t - a potion of magic {unknown}


   Skills:
 + Level 3.5 Fighting
 + Level 2.8(3.1) Axes
 + Level 1.8(2.6) Maces & Flails
 + Level 3.4 Armour
 + Level 3.5 Shields


You had 4 spell levels left.
You didn't know any spells.
Your spell library was empty.

Dungeon Overview and Level Annotations

Branches:
Dungeon (4/15)
 Temple: D:4-7

Annotations:
D:3 1 runed translucent door, Crazy Yiuf
D:4 Ijyb


Innate Abilities, Weirdness & Mutations

You have an increased reservoir of magic. (+10% MP)
You shall have no god before yourself.
Your divine heritage dramatically boosts your attributes as you level up.


Message History

You block the adder's attack.
You climb upwards.
Level annotation: 1 runed translucent door, Crazy Yiuf
There is a stone staircase leading down here.
You hit the adder.
The adder is moderately wounded.
The adder closely misses you.
You miss the adder.
The adder is moderately wounded.
The adder barely misses you. The adder bites you but does no damage.
You hit the adder.
The adder is moderately wounded.
The adder barely misses you.
You barely miss the adder.
The adder is moderately wounded.
The adder bites you.
You are poisoned.
The adder poisons you!
You miss the adder.
The adder is moderately wounded.
You feel sick. You block the adder's attack. The adder bites you.
You hit the adder.
The adder is heavily wounded.
You feel sick. You block the adder's attack.
You hit the adder. Lightning courses through the adder!
You kill the adder!
You feel sick.
No target in view!
You start resting.
You feel sick. x3
You are no longer poisoned.
You start resting.
HP restored.
You climb downwards.
Level annotation: Ijyb Ijyb screams, "Me very upset!"
Ijyb zaps a wand.
The bolt of acid hits you!! The acid corrodes you!
There is a stone staircase leading up here.
Ijyb zaps a wand.
The bolt of acid hits you!!
Ouch! That really hurt!
You die...

............
...........
..........
#...... #..$#
#...# # #...#
# #.#...#.#
#.g@....#
......##<####
#####.
#.....# #
####.....
.### #


You could see Ijyb.

Vanquished Creatures
  2 orc priests (D:3)
  An orc wizard (D:3)
  Robin (D:3)
  5 adders
  4 dart slugs
  2 orcs (D:2)
  5 endoplasms
  2 giant cockroaches
  5 hobgoblins
  4 kobolds
  4 ball pythons
  4 bats
  6 frilled lizards
  15 goblins
  4 rats (D:2)
64 creatures vanquished.

Notes
Turn   | Place    | Note
-------+----------+-------------------------------------------
     0 | D:1      | indigestion the Demigod Fighter began the quest for the
                  | Orb.
     0 | D:1      | Reached XP level 1. HP: 18/18 MP: 3/3
   439 | D:1      | Reached XP level 2. HP: 25/25 MP: 4/4
  1241 | D:2      | Reached XP level 3. HP: 31/31 MP: 5/5
  1556 | D:2      | Reached skill level 1 in Maces & Flails
  2005 | D:3      | Reached XP level 4. HP: 35/38 MP: 6/6
  2227 | D:3      | Noticed Robin
  2243 | D:3      | Reached XP level 5. HP: 27/45 MP: 7/7
  2432 | D:3      | Killed Robin
  2558 | D:3      | Found a runed translucent door.
  2559 | D:3      | Noticed Crazy Yiuf
  2994 | D:4      | Noticed Ijyb
  3083 | D:4      | Killed from afar by Ijyb

Illustrated notes

Levels and vault maps discovered:
D:1:      roderic_dead_forest, layout_loops_ring, wad_floor_pattern_1,
          serial_park_tiny_1
D:2:      layout_basic, basic_altar
D:3:      layout_rooms, minivault_25, uniq_crazy_yiuf_cottage, uniq_robin
D:4:      layout_loops_cross, nicolae_ru_the_path_less_chosen,
          nicolae_overflow_hallway_of_the_gods, uniq_edmund, uniq_ijyb

Skill      XL: |  1  2  3 |
---------------+----------+-----
Axes           | 2 |  2.8
Fighting       | 3 |  3.5
Shields        | 3 |  3.5
Armour         | 3 |  3.4
Maces & Flails | 1 |  1.8

Action                   |  1- 3 |  4- 6 || total
-------------------------+-------+-------++-------
Melee: Whip              |    85 |    72 ||   157
       War axe           |     6 |       ||     6
Armor: Scale mail        |    48 |    38 ||    86
Dodge: Dodged            |    27 |    45 ||    72
Block: Buckler           |    24 |    28 ||    52

Table legend: (Time is in decaauts)
 A = Elapsed time spent in this place.
 B = Non-inter-level travel time spent in this place.
 C = Inter-level travel time spent in this place.
 D = Time resting spent in this place.
 E = Time spent auto-exploring this place.
 F = Levels seen in this place.
 G = Mean time per level.
                   A        B        C        D        E       F      G
               +--------+--------+--------+--------+--------+-----+--------+
         Total |   3096 |   3042 |     54 |    843 |   1731 |   4 |  774.0 |
       Dungeon |   3096 |   3042 |     54 |    843 |   1731 |   4 |  774.0 |
               +--------+--------+--------+--------+--------+-----+--------+

Top non-repeatable levels by time:
     D:2: 1289 daAuts
     D:1: 937 daAuts
     D:3: 852 daAuts
     D:4: 16 daAuts
